[Event "AI Cup Div-1 2023"]
[Site "Online"]
[Date "2023.09.25"]
[Round "1.3"]
[White "Firouzja, Alireza"]
[Black "Vachier-Lagrave, Maxime"]
[Result "0-1"]
[Annotator "TA"]
[ECO "B97"]
[WhiteElo "2777"]
[BlackElo "2727"]
[PlyCount "80"]
[EventDate "2023.09.18"]
[EventType "k.o."]
[EventCountry "NET"]
[SourceTitle "playchess.com"]
[Source "ChessBase"]
[SourceQuality "1"]
[TimeControl "900+3"]

1. e4 c5 2. Nf3 d6 3. d4 cxd4 4. Nxd4 Nf6 5. Nc3 a6 6. Bg5 e6 7. f4 Qb6 8. Nb3 Nbd7 9. Qe2 Qc7 10. O-O-O b5 {[%emt 0:00:13] B97: Sicilian Najdorf: Poisoned Pawn.} 11. a3 Be7 12. Kb1 Rb8 {[%emt 0:00:03] The position is equal.} 13. Qe1 Bb7 14. Bd3 h6 15. Bh4 Nc5 16. f5 {[%emt 0:00:34] [#]} exf5 $146 ({Predecessor:} 16... Nxd3 17. Rxd3 O-O 18. fxe6 fxe6 19. Nd4 Bc8 20. h3 Bd7 21. e5 dxe5 22. Bg3 Rb6 23. Bxe5 {½-½ De Andres Senra,S-Boudey,S EU-ch SC-OR/360 email 2020}) 17. Nxc5 dxc5 18. exf5 {[%emt 0:02:43] aiming for Bg3.} O-O {[%emt 0:00:04] [#]} 19. Bxb5 Bxg2 (19... axb5 20. Bg3) 20. Rg1 $1 (20. Bxa6 $2 Bxh1 21. Qxh1 Qa5 $19) (20. Bg3 Qb7 21. Bxb8 Rxb8 $17) 20... axb5 21. Rxg2 {[%emt 0:00:08] Re2 is the strong threat.} b4 22. Ne4 Nxe4 23. Qxe4 {[%emt 0:00:05] White wants to mate with f6.} Bxh4 24. Qxh4 {[%emt 0:00:02] Intending Qf6 and mate.} Kh7 25. f6 g6 26. Rd3 {[%emt 0:00:27][%cal Oh4h6] Qxh6+! would kill now.} Qe5 {[%emt 0:00:02] Threatens to win with ...bxa3.} (26... Qb7 $2 {gets mated.} 27. Qxh6+ Kxh6 28. Rh3#) 27. Rh3 (27. Rxg6 $1 $16 Kxg6 28. Rg3+ Qg5 29. Qe4+ (29. Rxg5+ hxg5 30. Qe4+ Kxf6 $16) 29... Kxf6 30. Rxg5 hxg5 31. a4) 27... h5 $11 {[%emt 0:00:02] Strongly threatening ...bxa3.} 28. Rg5 {[%emt 0:00:06] Threatening mate with Qxh5+.} Qe2 {[%emt 0:00:02] And now ...bxa3 would win.} 29. Qf4 (29. Rxh5+ $11 gxh5 30. Qg5 Qf1+ 31. Ka2 Qc4+ 32. Kb1 Qf1+ 33. Ka2 Qc4+ 34. Kb1 Qf1+) 29... Qe1+ $1 $40 {[%emt 0:01:32][%mdl 128] Black is out for blood.} (29... bxa3 $2 30. Rhxh5+ Kg8 31. Rxg6+ fxg6 32. Rh8+ Kf7 33. Rh7+ Ke6 34. Re7+ Kd5 35. Rxe2 $18) 30. Ka2 Qe6+ 31. Rb3 c4 (31... bxa3 $17 32. Qe5 Qxe5 33. Rxe5 axb2 34. Kxb2 Rbc8) 32. Rbg3 {[%emt 0:00:06][%mdl 8192] [#]} (32. Re3 $11 b3+ 33. cxb3 cxb3+ 34. Kb1 (34. Ka1 Rfd8 $17)) 32... b3+ $1 $19 33. cxb3 cxb3+ 34. Kb1 {[%emt 0:00:00][%cal Og5h5] White threatens Rxh5+! and mate.} Qe1+ $2 (34... Qe2 {( -> ...Qc2+)} 35. Rg1 Rfd8) 35. Qc1 Rfe8 36. Rc3 (36. Rg1 $17 {is tougher.} Qxc1+ 37. Rxc1) 36... Qe4+ 37. Ka1 {[%emt 0:00:01] [#]} Rbc8 $3 38. Rg1 {[%emt 0:00:03] [#]} Qd4 $2 39. Rgg3 $2 (39. Qd1 $17 {was the crucial defense.} Qxd1+ 40. Rxd1) 39... Rxc3 40. bxc3 (40. Rxc3 $19 Re2 41. Rxb3) 40... Qf2 {[%emt 0:00:02] Magnificent play by Vachier-Lagrave!   Weighted Error Value: White=0.81/Black=0.36} 0-1

[Event "AI Cup Div-1 2023"]
[Site "Online"]
[Date "2023.09.25"]
[Round "1.3"]
[White "Nepomniachtchi, Ian"]
[Black "Giri, Anish"]
[Result "1/2-1/2"]
[Annotator "TA"]
[ECO "B51"]
[WhiteElo "2771"]
[BlackElo "2760"]
[PlyCount "81"]
[EventDate "2023.09.18"]
[EventType "k.o."]
[EventCountry "NET"]
[SourceTitle "playchess.com"]
[Source "ChessBase"]
[SourceQuality "1"]
[TimeControl "900+3"]

1. e4 c5 2. Nf3 d6 3. Bb5+ Nd7 4. d4 cxd4 5. Qxd4 a6 6. Bxd7+ Bxd7 7. c4 {[%emt 0:00:01] 7.Nc3 is the recent fashion. B51: Sicilian: Moscow Variation (3 Bb5+) without 3...Bd7.} Nf6 8. Nc3 g6 9. Bg5 {[%emt 0:00:52] The position is equal.} Bg7 10. O-O O-O 11. Rad1 {[%emt 0:00:07] [#]} b5 $146 ({Predecessor:} 11... h6 12. Bxf6 Bxf6 13. e5 Bg7 14. Qe3 Bc6 15. exd6 exd6 16. Nd4 Re8 17. Nxc6 bxc6 {½-½ Nepomniachtchi,I (2784)-Giri,A (2764) Carlsen Inv Prelim rapid 2020 (3.4)}) 12. c5 Be6 $1 13. cxd6 Qxd6 14. e5 Qxd4 15. Nxd4 Ng4 16. Nxe6 fxe6 17. Bxe7 Rfe8 18. Bd6 Nxe5 19. Ne4 Nf7 20. b3 Rac8 21. Rd2 (21. Bc5 $14) 21... Red8 $11 22. Rfd1 Bh6 23. Rd3 (23. f4 $11 {and White stays safe.}) 23... Rc2 $2 (23... Nxd6 $1 $19 24. Nxd6 (24. Rxd6 $2 Rxd6 25. Nxd6 Rd8 $19) 24... Rc1 25. Rxc1 Bxc1) 24. a4 bxa4 25. bxa4 Rc4 26. f3 Rxa4 27. Bc5 Rc8 {[%emt 0:00:36][%cal Oa4e4] Hoping for ...Rxe4!} 28. Bf2 Ra2 29. Rd7 {[%emt 0:00:04][%cal Od7f7] Threatens to win with Rxf7!} Rcc2 30. h4 {[%emt 0:00:03] [#]} (30. Kf1 $11) 30... Rxf2 $1 $15 31. Nxf2 {[%emt 0:00:05] And now Ne4 would win.} Be3 32. Rf1 Ne5 {[%emt 0:00:06] Repels Rd3} 33. Re7 Nd3 $2 {[%emt 0:00:10] [#]} (33... Re2 $15 {stays ahead.}) 34. Rb1 $1 $16 Bxf2+ {[%emt 0:00:04] [#]} (34... Rxf2 $2 35. Rb8#) 35. Kf1 $1 Bg3 {[%emt 0:00:21] [#] Inhibits Rb8+.} (35... Bxh4 $2 36. Rb8#) 36. Rbb7 $1 {[%emt 0:00:11][%cal Re7e8][%mdl 1024] White has strong compensation.} Kf8 {[%emt 0:01:02][%mdl 8192] Prevents Re8+} (36... Bxh4 $2 37. Re8#) (36... Bd6 $16 {might work better.} 37. Rg7+ Kh8) 37. Rf7+ $18 Ke8 (37... Kg8 $142 38. Rfd7 Ra1+ 39. Ke2 Nc1+ 40. Kd1 Nb3+ 41. Kc2 Rc1+ 42. Kb2 (42. Kxb3 Rb1+ 43. Kc4 Rxb7 $18) 42... Be5+ 43. Kxb3 Rb1+ 44. Kc4 Rxb7 45. Rxb7 Bf6) 38. Rg7 $2 (38. Rbe7+ Kd8 39. Ra7 (39. Rd7+ Kc8 $16) 39... Ra1+ 40. Ke2 Nc1+ 41. Kd2 Nb3+ 42. Kc2 Rc1+ 43. Kxb3) 38... Kf8 $2 (38... Bxh4 $2 39. Rg8#) (38... Bd6) 39. Rgf7+ $2 (39. Rbf7+ Ke8 40. Ra7 Ra1+ 41. Ke2 Nc1+ 42. Ke3) 39... Ke8 $1 {[%emt 0:00:01] ...Rf2+ would be deadly.} 40. Rg7 $2 (40. Rbe7+ Kd8 41. Ra7 (41. Rd7+ Kc8 $16) 41... Ra1+ 42. Ke2 Nc1+ 43. Kd2 Nb3+ 44. Kc2 Rc1+ 45. Kxb3) 40... Kf8 $1 {[%emt 0:00:10] Strongly threatening ...Rf2+.} (40... Bxh4 $2 41. Rg8#) 41. Rgf7+ $2 {[%emt 0:00:01] Weighted Error Value: White=0.67/Black=0.34} (41. Rbf7+ $18 Ke8 42. Ra7 Ra1+ 43. Ke2 Nc1+ 44. Ke3) 1/2-1/2

[Event "AI Cup Div-1 2023"]
[Site "Online"]
[Date "2023.09.25"]
[Round "1.3"]
[White "Lazavik, Denis"]
[Black "Mamedyarov, Shakhriyar"]
[Result "1/2-1/2"]
[Annotator "TA"]
[ECO "D02"]
[WhiteElo "2560"]
[BlackElo "2734"]
[PlyCount "67"]
[EventDate "2023.09.18"]
[EventType "k.o."]
[EventCountry "NET"]
[SourceTitle "playchess.com"]
[Source "ChessBase"]
[SourceQuality "1"]
[TimeControl "900+3"]

1. d4 Nf6 2. Nf3 g6 3. g3 Bg7 4. Bg2 O-O 5. O-O d5 6. c3 c6 7. Re1 {[%emt 0:00:14] D02: 1 d4 d5 2 Nf3 sidelines, including 2...Nf6 3 g3 and 2...Nf6 3 Bf4.} Bf5 8. Nbd2 Qc8 9. Nh4 Bg4 10. Qc2 (10. f3 $5 Be6 11. e4 $11) 10... Re8 {[%emt 0:00:17] [#]} 11. c4 $146 ({Predecessor:} 11. e4 dxe4 12. Nxe4 Bh3 13. Nxf6+ Bxf6 14. Nf3 Bxg2 15. Kxg2 Nd7 16. Bf4 Bg7 17. Re2 {½-½ Bartiromo,G (1662)-Cantore,M (1670) Verona op-B 2017 (4.24)}) 11... Na6 12. b3 (12. a3 $11) 12... g5 (12... c5 $15) 13. Nhf3 $11 Bf5 14. Qc3 h6 15. Bb2 Ne4 16. Qc1 Qe6 17. Ne5 Red8 18. Nf1 Bh7 19. f3 Nd6 20. c5 Nb5 21. f4 $1 Nb4 22. Ne3 {[%emt 0:00:16] Wards off Nc2} (22. fxg5 Nc2 23. gxh6 Bxh6 $17) 22... gxf4 23. gxf4 Bxe5 (23... f6 $5 24. Nf3 h5 $11) 24. fxe5 (24. dxe5 {feels hotter.} d4 25. f5 Qxe5 26. Ng4) 24... Kh8 $1 25. Kh1 (25. a3 $5 Na6 26. Kh1 $14 (26. a4 Nbc7 $11)) 25... Rg8 {[%emt 0:00:02][%cal Og8g2] aiming for ...Rxg2!} 26. Bf3 Be4 27. Rf1 {[%emt 0:00:47] Strongly threatening Bxe4.} Qh3 {[%emt 0:01:03][%cal Ob4c2] And now ...Nc2! would win.} (27... Qg6 $5 ) 28. Qd2 {[%emt 0:00:09] [#] Inhibits Nc2.} (28. Bxe4 $14 dxe4 29. Rxf7) 28... Nc2 $1 29. Nxc2 {[%emt 0:00:36] [#] Threatens to win with Bxe4.} Rg2 $1 30. Qf4 Rg4 {[%emt 0:00:14][%mdl 1024] Black has compensation.} (30... Rxe2 $2 31. Bxe4 Rg8 32. Rf2 Rxe4 33. Qc1 $18 (33. Qxf7 Rg7 $16)) (30... Nc7 $5 31. Ne3 (31. Bxg2 $2 Qxg2#) (31. Bxe4 dxe4 32. Ne3 Rxe2 $15) 31... Rxe2 $11) 31. Qe3 {[%emt 0:00:16] Hoping for Bxe4. The position is equal.} Rg2 32. Qf4 (32. Bxg2 $2 Qxg2#) 32... Rg4 (32... Rxe2 $2 33. Bxe4 Rg8 34. Rf2 Rxe4 35. Qd2 $18 (35. Qxf7 Rg7 $16)) (32... Nc7 $5 33. Ne3 (33. Bxg2 $2 Qxg2#) (33. Bxe4 dxe4 34. Ne3 Rxe2 $15) 33... Rxe2 $11) 33. Qe3 {[%emt 0:00:14] Bxe4 would be deadly.} Rg2 ({Black should try} 33... Bxc2 $11 34. Rg1 Rag8) 34. Qf4 {[%emt 0:00:01] An interesting game.   Weighted Error Value: White=0.16 (very precise) /Black=0.12 (very precise)} (34. Bxg2 $2 Qxg2#) 1/2-1/2

[Event "AI Cup Div-1 2023"]
[Site "Online"]
[Date "2023.09.25"]
[Round "1.4"]
[White "Mamedyarov, Shakhriyar"]
[Black "Lazavik, Denis"]
[Result "1/2-1/2"]
[Annotator "RC"]
[ECO "E32"]
[WhiteElo "2734"]
[BlackElo "2560"]
[PlyCount "29"]
[EventDate "2023.09.18"]
[EventType "k.o."]
[EventCountry "NET"]
[SourceTitle "playchess.com"]
[Source "ChessBase"]
[SourceQuality "1"]
[TimeControl "900+3"]

1. d4 Nf6 2. c4 e6 3. Nc3 Bb4 4. Qc2 O-O 5. Nf3 d5 6. Bg5 h6 7. Bxf6 Qxf6 8. a3 Bxc3+ 9. Qxc3 dxc4 10. Qxc4 Nc6 11. Rd1 Re8 12. Qc3 e5 13. d5 Nb8 14. e3 Bg4 15. Be2 1/2-1/2

[Event "AI Cup Div-1 2023"]
[Site "Online"]
[Date "2023.09.25"]
[Round "1.4"]
[White "Vachier-Lagrave, Maxime"]
[Black "Firouzja, Alireza"]
[Result "1-0"]
[Annotator "TA"]
[ECO "B18"]
[WhiteElo "2727"]
[BlackElo "2777"]
[PlyCount "143"]
[EventDate "2023.09.18"]
[EventType "k.o."]
[EventCountry "NET"]
[SourceTitle "playchess.com"]
[Source "ChessBase"]
[SourceQuality "1"]
[TimeControl "900+3"]

1. e4 c6 2. d4 d5 3. Nc3 dxe4 4. Nxe4 Bf5 5. Qf3 Bg6 6. c3 {[%emt 0:00:04] B18: Classical Caro-Kann: 4...Bf5 sidelines.} Nd7 7. Bc4 e5 {[%emt 0:01:34] [#]} 8. Ne2 $146 {[%emt 0:00:18] The position is equal.} ({Predecessor:} 8. Qe2 Be7 9. f4 Bxe4 10. Qxe4 Ngf6 11. Qe2 exd4 12. Nf3 dxc3 13. O-O O-O 14. Kh1 {0-1 Vingerling,M (2195)-Haller,P (2093) Oberliga Baden 0506 2005 (1.6)}) 8... exd4 9. cxd4 (9. Nxd4 Qe7 10. O-O Ne5 11. Bxf7+ Nxf7 $17) 9... Bb4+ 10. N4c3 Ngf6 11. O-O O-O 12. Bb3 Qa5 13. Nf4 Bf5 14. h3 Rfe8 15. g4 (15. Bd2 $5) 15... Be4 16. Nxe4 Rxe4 17. Rd1 Rae8 18. Be3 Bd6 19. Rac1 Nb6 20. Bc2 (20. Nh5 {is more complex.} Nbd5 21. Nxf6+ Nxf6 22. d5) 20... R4e7 21. Bb3 {[%emt 0:00:01] Prevents Nc4} Ne4 22. h4 {[%emt 0:00:29] Inhibits Ng5.} (22. d5 $1 $11) 22... Bxf4 (22... Qb5 $17) 23. Bxf4 $11 Nd5 24. Rc2 Nb4 ({Better is} 24... Nxf4 $11 25. Qxf4 Nf6) 25. Re2 $14 Nd5 {[%emt 0:00:13][%cal Oe4g5] White must now prevent ...Ng5!} 26. Rde1 Nef6 (26... Nxf4 $2 27. Qxf4 (27. Rxe4 $2 Qxe1+ 28. Rxe1 Rxe1+ 29. Kh2 R1e4 $17) 27... Qc7 28. Qxc7 (28. Rxe4 $2 Qxf4 {[%mdl 64] Pin} 29. Rxe7 Rxe7 $19) 28... Rxc7 29. Rxe4 $18) 27. Rxe7 Nxe7 28. Re5 Qd8 (28... Ned5 $11 {keeps the balance.}) 29. Bg5 $36 {[%emt 0:00:23][%mdl 2048] White is on the roll. White is much more active. This pair of bishops is nice.} Qxd4 $2 (29... Nfd5 $16 {is tougher.}) 30. Bxf6 $18 gxf6 31. Qxf6 Qxg4+ 32. Kf1 Qg7 {[%emt 0:00:00] [#]} 33. Qd6 (33. Rg5 Ng6 34. Qf5 Kh8 $11) 33... Qf8 34. h5 {[%emt 0:00:21] Repels Ng6} ({White has to play} 34. Qd7 $18) 34... Kh8 $2 (34... Nd5 $1 $11 35. Rg5+ Kh8 36. Qxf8+ Rxf8) 35. Qf6+ Qg7 36. Qxf7 Qxe5 {[%emt 0:00:08] [#]} 37. Qxe8+ $2 {[%emt 0:00:01][%mdl 4096] Endgame KQB-KQN} (37. f4 $1 $18 Qb5+ 38. Bc4 Qxc4+ 39. Qxc4) 37... Kg7 $11 38. Qf7+ Kh6 39. Bc2 (39. Bd1 $5 Nf5 40. Bc2 $14 (40. Qxb7 Qd5 $11)) 39... Qb5+ 40. Kg1 Qg5+ (40... Qxh5 41. Qxh7+ Kg5 42. Qxe7+ Kg4 43. Qe4+ Kg5 44. Qe5+ Kh6 45. Qf6+) 41. Kf1 Qc1+ (41... Qxh5 42. Qxh7+ Kg5 43. Qxe7+ Kg4 44. Qe4+ Kg5 45. Qe5+ Kh6 46. Qf6+) 42. Kg2 Qxc2 43. Qf8+ (43. Qxe7 {simplifies} Qxb2 44. Qe6+ Kxh5 45. Qe8+) 43... Kxh5 44. Qxe7 Qxb2 45. Qxh7+ {[%emt 0:00:02] KQ-KQ} Kg5 46. Qe7+ Kf5 47. Qc5+ Ke4 48. Qxa7 Kd5 49. Kg3 c5 50. f4 c4 51. Qa5+ b5 (51... Ke4 $5 52. Qe1+ $8 Kd3 $11) 52. Qd8+ Ke4 53. Qe7+ Kd3 {[%emt 0:00:01][%cal Ob2d4] ...Qd4! is the strong threat.} 54. Qh7+ Ke3 {[%emt 0:00:03] aiming for ...Qf2+.} (54... Kd2 $5 55. Qh2+ Kc1 56. Qh1+ Kd2 57. Qh2+ Kc3 58. Qh8+ Kc2 59. Qh7+ Kd1 $11) 55. Qe7+ Kd2 {[%emt 0:00:02][%cal Ob2d4] And now ...Qd4! would win.} 56. f5 $1 {[%emt 0:00:03] Hoping for f6.} c3 {[%emt 0:00:10][%cal Oc3c2] Strongly threatening ...c2!} (56... Qxa2 $2 57. f6 Qb1 58. f7 Qg1+ 59. Kf4 Qh2+ 60. Kg5 Qg3+ 61. Kh6 Qh3+ 62. Kg7 Qg4+ 63. Kf6 Qf3+ 64. Kg6 Qd3+ 65. Kg7 Qg3+ 66. Kh6 Qh3+ 67. Kg6 Qd3+ 68. Kg7 Qg3+ 69. Kh7 Qh3+ 70. Kg6 Qd3+ $18) 57. Qd6+ $2 (57. f6 $2 c2 58. Qd7+ Kc1 $19) (57. Qg5+ $11 Kd3 58. f6) 57... Kc1 $19 {[%emt 0:00:03][%cal Oc3c2] Threatens to win with ...c2!} 58. f6 $2 (58. Qe5 Kb1 59. f6) 58... c2 (58... Qxa2 59. Qf4+ Kb2 60. f7 $11) 59. Qf4+ Kb1 60. f7 Qg7+ (60... c1=R 61. Qf5+ (61. f8=Q Rc3+ 62. Kg4 Rc4 $11) 61... Ka1 62. f8=Q $11 (62. f8=N Rg1+ 63. Kf3 Rf1+ 64. Ke4 Qc2+ 65. Ke5 Rxf5+ 66. Ke6 Qc5 67. a3 Qd5+ 68. Ke7 Rf7+ 69. Ke8 Qb7 70. Ng6 Qd7#)) 61. Kf2 c1=Q (61... c1=R $2 62. Qb4+ (62. f8=B Qg1+ 63. Ke2 Rc2+ 64. Kd3 Qd1+ 65. Ke3 Qe2+ 66. Kd4 Rc4+ {[%mdl 64] Skewer} 67. Kd5 Rxf4 68. Bg7 Qe7 69. Bh8 Rf5+) 62... Ka1 63. f8=Q $19 (63. f8=B Qf6+ 64. Ke2 Qe6+ 65. Kf2 Rc2+ 66. Kf3 Qh3+ 67. Ke4 Re2+ 68. Kf4 Rf2+ 69. Ke5 Qf5+ 70. Kd6 Qxf8+ 71. Ke5 Qxb4 72. a4 Qc5+ 73. Ke4 b4 74. a5 b3 75. a6 b2 76. Kd3 b1=Q#)) 62. f8=Q Qgg1+ 63. Kf3 Qcd1+ (63... Kxa2 $2 {perishes.} 64. Q8f7+ Ka3 65. Qa7+ Kb3 66. Qxg1 Qxg1 67. Qd2 Qf1+ 68. Kg3 $19) 64. Ke4 Qg2+ (64... Kxa2 65. Q4f7+ Qb3 66. Qa8+ Kb2 67. Qxb3+ Kxb3 68. Qd5+ Ka4 69. Qa2+ Kb4 70. Qd2+ Kc4 71. Qd5+ Kb4 72. Qd2+ Kb3 73. Qd5+ Kb4 74. Qd2+ $11) 65. Ke5 Qdd5+ (65... Qxa2 66. Q8b4+ Qab3 67. Qfe4+ Kb2 68. Qg2+ Ka1 69. Qa8+ Qa4 70. Qaa5 $17) 66. Kf6 Kb2 $2 ({Inferior is} 66... Qgxa2 67. Qf1+ Kc2 68. Qe2+ Kc3 69. Qe3+ Kc2 70. Qe2+ (70. Qc8+ $2 Qac4 $19) 70... Kc1 71. Qf1+ Kc2 72. Qe2+ $11) (66... Qb2+ {mates} 67. Kg6 Qc6+ 68. Kh7 Qbc2+ 69. Kh8 Q2c3+ 70. Kh7 Qh3+ 71. Kg7 Qcg2+ 72. Kf6 Qc3+ 73. Kf7 Qd5+ 74. Kg6 Qcc6+ 75. Kg7 Qg2+ 76. Kh8 Qh1+ 77. Kg7 Qhg2+ 78. Kh8 Qc3+ 79. Kh7 Qgc2+ 80. Kh6 Qh3+ 81. Kg5 Qhg2+ 82. Kh4 Qh7+ 83. Q8h6 Qxh6+ 84. Qxh6 Qh1+ 85. Kg5 Qxh6+ 86. Kxh6 Kxa2 87. Kh5 b4 88. Kh6 b3 89. Kh5 b2 90. Kh4 b1=Q 91. Kg5 Kb3 92. Kf4 Qg6 93. Ke5 Qg5+ 94. Kd6 Kc4 95. Kd7 Kc5 96. Ke6 Kc6 97. Kf7 Kd6 98. Kf8 Ke6 99. Ke8 Qg8#) 67. Q8b4+ $1 $11 Kxa2 68. Qa5+ Kb1 69. Qe1+ Ka2 $1 {[%emt 0:00:04] ( -> ...Qd8+)} 70. Qa5+ Kb3 $2 (70... Kb1 $11 71. Qe1+ Ka2 72. Qa5+) 71. Qe3+ Kc4 72. Qac3# {[%emt 0:00:01] Quite a comeback for White. Excellently played by Vachier-Lagrave!   Weighted Error Value: White=0.46/Black=0.32} 1-0

[Event "AI Cup Div-1 2023"]
[Site "Online"]
[Date "2023.09.25"]
[Round "1.5"]
[White "Mamedyarov, Shakhriyar"]
[Black "Lazavik, Denis"]
[Result "1-0"]
[Annotator "TA"]
[ECO "E20"]
[WhiteElo "2734"]
[BlackElo "2560"]
[PlyCount "87"]
[EventDate "2023.09.18"]
[EventType "k.o."]
[EventCountry "NET"]
[SourceTitle "playchess.com"]
[Source "ChessBase"]
[SourceQuality "1"]
[TimeControl "900+3"]

1. d4 Nf6 2. c4 e6 3. Nc3 Bb4 4. f3 d5 5. a3 Bxc3+ 6. bxc3 c6 {[%emt 0:00:03] [#]} 7. e4 $1 {[%emt 0:00:06] E20: Nimzo-Indian: 4 g3 and 4 f3.} dxe4 8. fxe4 e5 $1 9. Nf3 {[%emt 0:00:04] The position is equal.} Bg4 {[%emt 0:00:07] The modern move.} 10. Bd3 (10. dxe5 Qxd1+ 11. Kxd1 Nxe4 $17) 10... exd4 {[%emt 0:00:33] [#]} 11. O-O $146 (11. e5 $11 Nh5 12. cxd4 Bxf3 {[%mdl 64] Remove Defender} 13. Qxf3 Qxd4 14. Rb1 Qxe5+ 15. Be2) ({Predecessor:} 11. e5 Nfd7 12. cxd4 Bxf3 13. Qxf3 Qh4+ 14. Qf2 Qxf2+ 15. Kxf2 c5 16. dxc5 Nxc5 17. Be2 {½-½ Volkov,S (2535)-Petrov,N (2535) RUS GP Rapid final 2021 (3)}) 11... dxc3 $15 12. e5 Nfd7 13. Bc2 {[%emt 0:00:04] [#]} Na6 (13... Qe7 $1 $17 14. Rb1 Nb6) 14. Qe1 $11 {[%emt 0:00:11] aiming for Ng5.} Bxf3 15. Rxf3 (15. e6 $1 $11 fxe6 16. Qxe6+ Qe7 17. Qxe7+ Kxe7 18. Rxf3) 15... Qe7 16. Bf4 Nac5 17. Qxc3 Ne6 18. Bg3 O-O 19. Re1 Ndc5 (19... g6 $17) 20. Bf5 (20. Bh4 $15 Ng5 21. Rg3) 20... Rad8 (20... g6 $17 21. Bxe6 fxe6) 21. Bf2 (21. Bh4 $1 $15 Qxh4 22. Rh3 Qxe1+ 23. Qxe1) 21... Rfe8 22. h4 (22. a4 $142) 22... b5 ({Black should try} 22... Rd7 $17 {Strongly threatening ...Red8.} 23. Rf1 b6) 23. Rf1 bxc4 24. Qxc4 Rd5 (24... Nd7 $5 25. Re1 Nc7 $11) 25. Bb1 {[%emt 0:01:23] This pair of bishops is nice.} Rf8 (25... Rxe5 26. Bg3 Rh5 27. Rxf7 Qxf7 28. Rxf7 Kxf7 29. Bf2 $16) 26. Qc3 (26. Qc2 $5 g6 $8 27. Ba2 $11) 26... Nd7 27. Re1 $40 {[%emt 0:00:41][%mdl 128] White is up to no good.} Nd8 (27... Rd8 $11) 28. Rfe3 (28. Qc2 g6 $11) (28. Ba2 $14) 28... Ne6 29. Qxc6 (29. Qc2 $5 g6 $8 30. Qxc6 $11) 29... Rd2 30. R3e2 Rxe2 31. Rxe2 g6 32. Qd6 (32. Bxa7 Nxe5 33. Qa4 Ra8 34. Rxe5 Rxa7 $17) 32... Re8 33. Ba2 Nb6 34. Rc2 Kg7 ({Better is} 34... Qb7 $14) 35. Rc3 {[%emt 0:01:14] White is much more active.} (35. Bxe6 {simplifies} Qxe6 36. Rc7 Nd5 37. Rxa7 Nf4 38. Qxe6 Rxe6 39. a4) 35... Qb7 36. Rf3 Rd8 37. Qb4 Rd1+ 38. Kh2 {[%emt 0:00:04] Bxe6 is the strong threat.} Qd7 {[%emt 0:00:04][%mdl 8192] Black cannot hold the game after this.} ({Black should play} 38... Qc7 $14) 39. h5 (39. Bb3 $142 Rd5 40. Bxd5 Nxd5 41. Rd3) 39... Ng5 $2 (39... Nd5 40. Qb8 Qc7 41. Qxc7 (41. Qxa7 $2 {is the wrong capture.} Qxe5+ 42. Rg3 Qxh5+ 43. Rh3 Qe5+ 44. Rg3 Qa1 $19) (41. Bxa7 Qc1 $15) 41... Ndxc7 42. h6+ (42. Bxa7 Ra1 $16) 42... Kf8 43. Bxa7 Ke8) 40. h6+ $18 Kg8 {[%emt 0:00:06] Black is weak on the dark squares} 41. Rf6 {[%emt 0:00:14] Black must now prevent e6.} Qe8 42. Qf4 Ne6 {[%emt 0:00:05] [#]} 43. Rxe6 {[%emt 0:00:06][%mdl 576] Clearance} fxe6 44. Qf6 {[%emt 0:00:04] Excellently played by Mamedyarov!   Weighted Error Value: White=0.36/Black=0.42} 1-0

[Event "AI Cup Div-1 2023"]
[Site "Online"]
[Date "2023.09.26"]
[Round "2.1"]
[White "Carlsen, Magnus"]
[Black "Nepomniachtchi, Ian"]
[Result "1/2-1/2"]
[Annotator "TA"]
[ECO "C42"]
[WhiteElo "2839"]
[BlackElo "2771"]
[PlyCount "185"]
[EventDate "2023.09.18"]
[EventType "k.o."]
[EventCountry "NET"]
[SourceTitle "playchess.com"]
[Source "ChessBase"]
[SourceQuality "1"]
[TimeControl "900+3"]

1. e4 e5 2. Nf3 Nf6 3. Nxe5 d6 4. Nf3 Nxe4 5. Qe2 Qe7 6. d3 Nf6 7. Nc3 Qxe2+ 8. Bxe2 Be7 9. Bd2 O-O 10. O-O-O a6 11. Rhe1 Re8 12. d4 h6 13. Bd3 Bg4 14. h3 Bxf3 15. gxf3 Nc6 16. Ne2 Nh7 17. Rg1 Bg5 18. f4 Bh4 19. Rg2 Nf8 {[%emt 0:02:05] [#]} (19... Kh8 $14) 20. c3 ({Better is} 20. Rdg1 $1 $18 Bf6 21. d5) 20... Bf6 21. Ng3 g6 $2 (21... Nd7 22. Rdg1 Kh8) 22. Nh5 $18 Bg7 23. f5 gxh5 24. Rdg1 (24. Bxh6 $6 Ng6 $16) 24... Ng6 25. fxg6 f6 26. Bc4+ Kh8 27. Rg3 f5 28. Rf3 Rf8 29. Bf7 Nd8 30. Rxf5 Nxf7 31. gxf7 Kh7 32. Re1 ({Resist} 32. Rxh5 Rxf7 33. f4 Re8 $16) 32... Kg6 33. Rf3 Bf6 34. Bxh6 Rxf7 35. Bd2 Rg8 36. Kc2 Kh7 (36... Kg7 $16 37. Rf5 Kg6) 37. Rf5 (37. Re6 $18 Rg6 38. Rf5) 37... Kg6 $16 38. Rd5 Rh7 39. Kd3 Kf7 (39... Rgg7 $16 {might work better.} 40. c4 Be7) 40. Rf5 $18 Rg2 41. Re3 Kg6 42. Ref3 Be7 43. Be3 Rg1 44. a4 Rh1 45. Ke4 Rg1 46. Rg3+ (46. Kd5 $18 {has better winning chances.}) 46... Rxg3 $16 47. fxg3 Bf6 48. Rf3 c6 49. Kd3 d5 50. a5 Rf7 51. Ke2 (51. Bf4 $16) 51... Bd8 $1 $11 52. Rxf7 Kxf7 53. b4 Kg6 54. Kf3 Kf5 55. Bf4 Be7 56. Bh6 Bd8 57. Bd2 Be7 58. Be1 Bg5 59. g4+ hxg4+ 60. hxg4+ Kg6 61. Ke2 Bf4 62. Bh4 Bd6 63. Kf3 Bf8 64. Bg3 Bh6 65. Bf4 Bf8 66. Ke3 Be7 67. Kd3 Bf8 ({Black should play} 67... Bg5 $11 68. Be3 Bh4) 68. Bd2 Be7 69. c4 (69. Bc1 $14) 69... Bf8 70. cxd5 cxd5 71. Kc3 Be7 72. Kb3 Bd6 73. Ka4 Be7 74. b5 Bd6 75. b6 Be7 76. Kb3 Bd6 77. Kc3 Be7 78. Kd3 Bd6 79. Ke2 Be7 80. Kf3 Bd6 81. Kg2 Be7 82. Kg3 Bf6 83. Bc3 Be7 84. Kf4 Bd6+ 85. Kf3 Be7 86. Bd2 Bd6 87. Kg2 Be7 88. Kh3 Bf6 89. Bc3 Be7 90. Kg3 Bd6+ 91. Kf3 Be7 92. Kg3 Bd6+ 93. Kf3 1/2-1/2